Map: Prion Terraces

Players

Kershaw - Winner!

  • Race: Terran Terran
  • League: Diamond

ILLBdA

  • Race: Protoss Protoss
  • League: Platinum

VOD

Have the link to the VOD?

Description

Time

  • Played on: Dec. 14, 2015, 12:49 a.m.
  • Length: 10:18
Show
View Real Time Build Order
Export as new Build Order

Kershaw Terran - Winner!

Build Orders: MMM Bio 

Get SALT Encoding   

  12  0:00  SCV  
  14  0:17  Supply Depot  
  14  0:18  SCV  
  14  0:30  SCV  
  15  0:42  SCV, Barracks  
  16  0:46  Refinery  
  16  0:54  SCV  
  17  1:06  SCV  
  18  1:18  SCV  
  19  1:29  Marine  
  19  1:30  Orbital Command  
  20  1:41  Command Center  
  20  1:47  Barracks Reactor  
  20  1:54  Engineering Bay  
  20  1:58  SCV  
  21  2:05  Supply Depot  
  21  2:11  SCV  
  22  2:21  Terran Infantry Armor Level 1  
  22  2:23  SCV  
  22  2:27  Marine x2  
  25  2:33  Barracks  
  25  2:38  SCV  
  26  2:45  Marine x2  
  26  2:49  Barracks  
  28  2:57  Orbital Command  
  28  2:59  SCV  
  28  3:04  Marine x2  
  31  3:13  Supply Depot  
  31  3:17  SCV  
  32  3:21  Marine  
  32  3:22  Marine  
  32  3:24  Barracks Tech Lab  
  34  3:28  SCV  
  34  3:29  SCV  
  34  3:32  Refinery  
  36  3:39  Barracks Tech Lab  
  36  3:41  SCV  
  36  3:43  SCV  
  36  3:44  Refinery  
  36  3:45  Marine x2  
  40  3:49  Stimpack  
  40  3:53  SCV  
  40  3:54  Marine  
  42  3:59  Supply Depot, SCV  
  43  4:03  Marauder  
  43  4:07  Factory  
  45  4:10  Missile Turret  
  45  4:17  Terran Infantry Weapons Level 1  
  45  4:18  SCV, Marine  
  45  4:23  SCV  
  48  4:30  SCV, Marine x3  
  52  4:35  SCV  
  53  4:42  SCV  
  54  4:46  Missile Turret  
  54  4:48  SCV, Marine x2  
  57  4:55  Starport  
  57  4:56  Factory Reactor  
  57  4:58  Marine  
  58  5:00  SCV  
  58  5:06  Marauder  
  61  5:07  Combat Shields  
  61  5:10  SCV  
  62  5:22  Supply Depot  
  62  5:25  SCV x2, Marauder, Marine  
  67  5:39  Supply Depot, Medivac  
  67  5:40  SCV  
  70  5:43  Medivac  
  70  5:46  Supply Depot, SCV  
  73  5:50  Supply Depot, Widow Mine  
  73  5:51  Marauder  
  73  5:53  Concussive Shells, Marine  
  78  6:00  Marine  
  78  6:01  Marauder  
  81  6:09  Supply Depot  
  81  6:10  Marine  
  82  6:13  Medivac x2  
  86  6:19  Widow Mine  
  88  6:35  SCV x2  
  88  6:37  Marine x2  
  88  6:38  Marauder x2  
  96  6:42  Medivac  
  96  6:44  Refinery  
  96  6:45  Armory  
  96  6:47  Command Center  
  84  6:55  Marine x2  
  84  6:59  Marauder x2  
  71  7:13  Barracks, Marine x2  
  71  7:15  Barracks  
  73  7:20  Marine  
  73  7:21  Marauder  
  76  7:25  SCV x2  
  78  7:31  Marine  
  78  7:34  Terran Infantry Weapons Level 2  
  78  7:35  Barracks  
  79  7:39  Medivac x2  
  79  7:40  Engineering Bay, Marine x2  
  79  7:41  Marine  
  79  7:42  SCV  
  79  7:43  SCV  
  88  7:52  Supply Depot, Marine  
  88  7:56  SCV  
  88  7:58  Marine  
  91  7:59  Barracks  
  91  8:02  Barracks  
  91  8:05  Orbital Command  
  91  8:08  Missile Turret  
  91  8:12  Marine  
  91  8:13  Barracks Reactor  
  91  8:14  Barracks Reactor  
  91  8:16  Marine  
  91  8:17  Marine x2  
  91  8:19  SCV  
  96  8:21  SCV  
  97  8:27  Barracks Reactor  
  97  8:30  Marine  
  97  8:34  Refinery, Marine x2  
  98  8:35  Marine  
  98  8:40  Supply Depot  
  98  8:41  Supply Depot  
  101  8:43  SCV  
  101  8:48  Marine  
  103  8:51  Marine x3  
  103  8:52  Barracks Tech Lab x2, Marine  
  103  8:53  Marauder, Marine x2  
  111  8:58  SCV x3  
  114  9:05  Marine x2  
  114  9:06  Marine  
  114  9:09  Marine x3  
  120  9:11  Marauder  
  120  9:14  Marauder  
  120  9:15  Marine, Marauder x2  
  120  9:16  Ghost Academy, Marine  
  130  9:19  Medivac  
  130  9:20  Medivac  
  130  9:23  Marine  
  135  9:29  Marine x3  
  135  9:30  Supply Depot  
  138  9:32  Marine x2  
  138  9:33  Marine, Marauder  
  138  9:37  Marauder, Marine x2  
  147  9:43  Marine  
Show
View Real Time Build Order
Export as new Build Order

ILLBdA Protoss 

Build Orders: 1 Gate Expand, Oracle Opening 

Get SALT Encoding   

  12  0:01  Probe (Chrono Boost)  
  13  0:11  Probe (Chrono Boost)  
  14  0:18  Pylon  
  14  0:23  Probe (Chrono Boost)  
  15  0:36  Probe (Chrono Boost)  
  15  0:37  Gateway  
  16  0:47  Probe (Chrono Boost)  
  16  0:48  Assimilator  
  17  0:57  Probe (Chrono Boost)  
  17  0:59  Assimilator  
  18  1:08  Probe (Chrono Boost)  
  19  1:18  Probe (Chrono Boost)  
  20  1:28  Nexus  
  20  1:40  Cybernetics Core, Probe (Chrono Boost)  
  21  1:51  Probe (Chrono Boost)  
  22  1:59  Pylon  
  22  2:01  Probe (Chrono Boost)  
  23  2:10  Pylon  
  23  2:17  Adept (Chrono Boost), Warp Gate  
  25  2:23  Mothership Core  
  27  2:38  Probe  
  28  2:44  Probe  
  28  2:45  Stargate  
  28  2:49  Probe (Chrono Boost)  
  28  2:51  Stalker (Chrono Boost)  
  32  2:56  Probe (Chrono Boost)  
  33  3:01  Probe (Chrono Boost)  
  34  3:07  Probe (Chrono Boost)  
  34  3:12  Probe (Chrono Boost)  
  36  3:18  Probe (Chrono Boost)  
  37  3:22  Probe (Chrono Boost)  
  37  3:24  Stalker  
  40  3:28  Oracle (Chrono Boost)  
  40  3:30  Assimilator  
  40  3:32  Pylon  
  43  3:37  Probe  
  43  3:39  Probe  
  45  3:44  Pylon  
  45  3:56  Probe  
  45  4:00  Stargate  
  45  4:02  Pylon  
  46  4:03  Probe  
  46  4:06  Assimilator  
  46  4:09  Probe  
  48  4:11  Phoenix (Chrono Boost)  
  50  4:18  Gateway, Probe  
  50  4:19  Gateway  
  50  4:22  Probe  
  52  4:34  Phoenix (Chrono Boost)  
  52  4:35  Adept  
  56  4:43  Pylon  
  56  4:48  Phoenix (Chrono Boost)  
  58  4:56  Void Ray (Chrono Boost)  
  62  5:01  Probe  
  62  5:03  Pylon  
  63  5:08  Adept  
  63  5:13  Void Ray (Chrono Boost)  
  69  5:15  Probe  
  70  5:32  Twilight Council  
  70  5:33  Adept x2  
  74  5:36  Probe  
  74  5:39  Pylon  
  74  5:41  Probe  
  76  5:44  Forge, Void Ray (Chrono Boost)  
  80  5:52  Pylon  
  80  5:54  Phoenix (Chrono Boost)  
  82  6:07  Resonating Glaives (Chrono Boost)  
  82  6:14  Phoenix  
  82  6:15  Zealot x3  
  90  6:23  Phoenix  
  89  6:28  Probe  
  89  6:31  Gateway  
  90  6:34  Gateway  
  90  6:36  Adept x2  
  74  7:00  Phoenix x2  
  70  7:12  Adept x3  
  76  7:18  Probe x2  
  78  7:24  Nexus  
  78  7:27  Pylon, Phoenix  
  78  7:29  Phoenix  
  80  7:30  Probe  
  83  7:40  Robotics Facility  
  83  7:42  Probe  
  84  7:45  Adept x2  
  84  7:49  Protoss Ground Armor Level 1 (Chrono Boost)  
  88  7:57  Pylon  
  88  7:59  Pylon  
  88  8:06  Adept x2  
  92  8:15  Probe  
  92  8:19  Adept x3  
  99  8:22  Phoenix  
  99  8:23  Phoenix  
  103  8:27  Observer  
  103  8:31  Zealot x2  
  103  8:33  Probe  
  109  8:34  Charge  
  109  8:36  Probe  
  109  8:38  Assimilator  
  110  8:42  Assimilator  
  110  8:54  Observer  
  111  8:58  Zealot x2  
  111  8:59  Zealot  
  117  9:13  Templar Archives  
  117  9:17  Adept x2  
  119  9:23  Observer  
  122  9:29  Gateway  
  122  9:30  Pylon  
  122  9:33  Probe  
  122  9:36  Gateway  
  123  9:40  Gateway  
  123  9:41  Gateway  
  123  9:43  Probe  
  124  9:51  High Templar x2  
  128  9:54  High Templar  
  130  10:05  Zealot x2  
  104  10:09  Archon  
Tags
 
Add a new tag
Caveats
  • Supply blocks, unpowered buildings, or Contaminate may cause inaccurate times.
  • Supply counts are checked every 10 seconds.